Connexion

NEW YORK Rangers vs WASHINGTON Capitals

Created - 8 février 2024 at 05:49

Goals
1 2 3 T
NEW YORK Rangers 2 0 1 3
WASHINGTON Capitals 5 0 1 6
Shots
1 2 3 T
NEW YORK Rangers 9 3 8 20
WASHINGTON Capitals 12 13 13 38

GoalsPenalties
1st period
1. NEW YORK Rangers , Travis Konecny 31 (Taylor Hall 30, Jon Merrill 29) at 8:10 (PP)
2. WASHINGTON Capitals , Haydn Fleury 7 (Frederick Gaudreau 39, Jared McCann 41) at 11:49
3. WASHINGTON Capitals , Aleksander Barkov 22 (Nikita Kucherov 41, Brandon Hagel 42) at 12:03
4. WASHINGTON Capitals , Frederick Gaudreau 34 (Shea Theodore 51, Andreas Johnsson 21) at 12:32
5. WASHINGTON Capitals , Nick Jensen 4 (Frederick Gaudreau 40, Denis Gurianov 17) at 15:57 (PP)
6. WASHINGTON Capitals , Frederick Gaudreau 35 (Jared McCann 42, Haydn Fleury 22) at 17:46
7. NEW YORK Rangers , Tyler Ennis 8 (Kieffer Bellows 10, John Moore 27) at 19:19
Jakob Chychrun (NYR) for Tripping (Minor) at 0:37
Nick Jensen (WAS) for Interference (Minor) at 6:36
Jon Merrill (NYR) for Roughing (Minor) at 8:25
Travis Konecny (NYR) for Tripping (Minor) at 14:56
2nd period
No Goal
Travis Konecny (NYR) for Roughing (Minor) at 1:03
Logan Stanley (NYR) for Cross-checking (Minor) at 6:46
Logan Stanley (NYR) for Roughing (Minor) at 9:43
3rd period
8. WASHINGTON Capitals , Dryden Hunt 8 (Givani Smith 7) at 18:39
9. NEW YORK Rangers , Ryan Strome 21 (Travis Konecny 37, Cody Goloubef 18) at 19:11
Haydn Fleury (WAS) for Hooking (Minor) at 5:07
Cody Goloubef (NYR) for Hooking (Minor) at 12:47
Goalie Stats
Malcolm Subban (NYR), 5 saves from 9 shots - (0,556), L, 21-8-2, 15:57 minutes
Semyon Varlamov (NYR), 27 saves from 29 shots - (0,931), 44:03 minutes
Jordan Binnington (WAS), 17 saves from 20 shots - (0,850), W, 33-13-5, 60:00 minutes
3 StarsOfficial
1 - Frederick Gaudreau (WAS)
2 - Jared McCann (WAS)
3 - Haydn Fleury (WAS)
Referees : Paul Devorski and Kerry Fraser
Linesman : Steve Miller and Lonnie Cameron
Game Note
Semyon Varlamov enters game at 15:57 of 1st period
Finance
Level 1 -- Attendance: 4479 (74,65%) -- Ticket Income $739,035
Level 2 -- Attendance: 3798 (71,97%) -- Ticket Income $417,780
Level 3 -- Attendance: 1190 (59,50%) -- Ticket Income $101,150
Level 4 -- Attendance: 2357 (58,93%) -- Ticket Income $136,706
Luxury Box -- Attendance: 1000 (100,00%) -- Ticket Income $250,000
Game was played at the Verizon Center.
Total Attendance: 12824 (70,16%)
Total Ticket Income: $1,644,671
Other Income: $328,934
Total Income: $1,973,605



Team Name Goals Shots Shots Attemp Shots Blocked PIM HIT PP PK FO%
NEW YORK Rangers 320321014261 / 2 (50%)148%
WASHINGTON Capitals 6388014151 / 7 (14%)152%

NEW YORK Rangers
Player Name POS G A P +/- PIM HIT SHT SB MP PP MP PP SHT PK MP PK SHT FO% FOT
Cody GoloubefD011-1240015:260:0000:0000% 0
Jakob ChychrunD000-2242125:172:1405:2200% 0
Jesse PuljujarviRW000001009:170:0000:2600% 0
John MooreD0110020017:581:1906:1600% 0
Jon MerrillD011-1201121:441:1904:5900% 0
Kieffer BellowsLW0110020011:290:0002:3800% 1
Logan CoutureC/LW000-1011014:371:4900:0000% 0
Logan StanleyD0000410112:550:0002:3400% 0
Nolan PatrickC000-1012121:351:4906:58053% 45
Ryan StromeC/RW101-1014023:361:4417:09040% 5
Taylor HallC/LW011-1002020:161:4403:49058% 12
Torey KrugD000-2021426:092:1416:1300% 0
Travis KonecnyC/LW/RW112-1422019:241:4412:59050% 4
Trevor MooreC/LW/RW000-100017:330:0000:2300% 1
Ty DellandreaC000-101007:290:0000:19033% 6
Tyler EnnisC/LW1010002010:260:0001:35038% 8
Vasili PodkolzinRW000-101007:100:0000:0000% 0
Zach HymanC/LW/RW000-1033114:371:4900:0000% 1
WASHINGTON Capitals
Player Name POS G A P +/- PIM HIT SHT SB MP PP MP PP SHT PK MP PK SHT FO% FOT
Aleksander BarkovC1010014022:406:3100:13043% 30
Alex KillornC/LW/RW0000012012:170:4701:0200% 0
Andreas JohnssonLW/RW0113003011:220:0000:000100% 1
Brandon HagelLW0110010023:596:2401:39050% 4
Denis GurianovLW/RW0110004012:106:2430:0000% 1
Dryden HuntC/LW101000106:380:0000:52057% 7
Frederick GaudreauC/RW2243036020:006:1022:28048% 27
Givani SmithRW011000005:460:0000:0000% 1
Haydn FleuryD1122211123:575:4701:1200% 0
Jared McCannC/LW0223023018:125:5820:520100% 2
Joel HanleyD0001021022:336:5411:2300% 0
Joel KivirantaLW0000000010:280:0000:0000% 0
Mikey EyssimontC/LW0000000010:280:0000:00080% 10
Nick JensenD1011214021:225:4741:2000% 0
Nikita KucherovRW0110015022:276:3130:0000% 0
Sean WalkerD0000010013:230:1400:5200% 0
Shea TheodoreD0112014026:177:0832:1000% 0
Slater KoekkoekD0000000012:260:0000:0900% 0



Play-by-Play

1st period


0:01 of 1st period - Travis Konecny wins face-off versus Aleksander Barkov in neutral zone.
0:03 of 1st period - Off-side.
0:04 of 1st period - Frederick Gaudreau wins face-off versus Zach Hyman in neutral zone.
0:20 of 1st period - Shot by Nolan Patrick.
0:20 of 1st period - Shot Misses the Net.
0:22 of 1st period - Shot by Zach Hyman.
0:22 of 1st period - Stopped by Jordan Binnington without a rebound.
0:23 of 1st period - Aleksander Barkov wins face-off versus Tyler Ennis in WASHINGTON Capitals zone.
0:23 of 1st period - Brandon Hagel is hit by Kieffer Bellows and loses puck.
0:37 of 1st period - Minor Penalty to Jakob Chychrun for Tripping.
0:38 of 1st period - Nolan Patrick wins face-off versus Aleksander Barkov in NEW YORK Rangers zone.
0:38 of 1st period - Nolan Patrick is hit by Jared McCann.
0:50 of 1st period - Shot by Shea Theodore.
0:50 of 1st period - Shot Misses the Net.
1:14 of 1st period - Shot by Shea Theodore.
1:14 of 1st period - Shot Misses the Net.
1:39 of 1st period - Denis Gurianov is hit by John Moore and loses puck.
2:04 of 1st period - Shot by Denis Gurianov.
2:04 of 1st period - Stopped by Malcolm Subban with a rebound.
2:39 of 1st period - Alex Killorn is hit by Torey Krug and loses puck.
3:38 of 1st period - Icing by Givani Smith.
3:39 of 1st period - Ty Dellandrea wins face-off versus Givani Smith in WASHINGTON Capitals zone.
3:40 of 1st period - Shot by Trevor Moore.
3:40 of 1st period - Shot Misses the Net.
3:50 of 1st period - Shot by Denis Gurianov.
3:50 of 1st period - Deflect By Givani Smith.
3:50 of 1st period - Shot Hit the Post.
3:52 of 1st period - Shot by Denis Gurianov.
3:52 of 1st period - Shot Blocked by Trevor Moore.
3:54 of 1st period - Shot by Denis Gurianov.
3:54 of 1st period - Shot Misses the Net.
3:56 of 1st period - Shot by Shea Theodore.
3:56 of 1st period - Shot Misses the Net.
4:05 of 1st period - Icing by Ty Dellandrea.
4:06 of 1st period - Aleksander Barkov wins face-off versus Ty Dellandrea in NEW YORK Rangers zone.
4:09 of 1st period - Shot by Brandon Hagel.
4:09 of 1st period - Shot Misses the Net.
4:28 of 1st period - Shot by Jon Merrill.
4:28 of 1st period - Stopped by Jordan Binnington with a rebound.
4:42 of 1st period - Shot by Travis Konecny.
4:42 of 1st period - Stopped by Jordan Binnington without a rebound.
4:43 of 1st period - Taylor Hall wins face-off versus Frederick Gaudreau in WASHINGTON Capitals zone.
4:54 of 1st period - Shot by Taylor Hall.
4:54 of 1st period - Stopped by Jordan Binnington without a rebound.
4:55 of 1st period - Mikey Eyssimont wins face-off versus Nolan Patrick in WASHINGTON Capitals zone.
5:25 of 1st period - Icing by Logan Couture.
5:26 of 1st period - Nolan Patrick wins face-off versus Aleksander Barkov in NEW YORK Rangers zone.
5:26 of 1st period - Nolan Patrick is hit by Brandon Hagel.
5:45 of 1st period - Zach Hyman is hit by Joel Hanley and loses puck.
6:32 of 1st period - Shot by Logan Stanley.
6:32 of 1st period - Shot Misses the Net.
6:34 of 1st period - Shot by Ryan Strome.
6:34 of 1st period - Deflect By Travis Konecny.
6:34 of 1st period - Shot Misses the Net.
6:36 of 1st period - Shot by Ryan Strome.
6:36 of 1st period - Stopped by Jordan Binnington without a rebound.
6:36 of 1st period - Minor Penalty to Nick Jensen for Interference.
6:37 of 1st period - Frederick Gaudreau wins face-off versus Nolan Patrick in WASHINGTON Capitals zone.
6:43 of 1st period - Icing by Nolan Patrick.
6:44 of 1st period - Frederick Gaudreau wins face-off versus Nolan Patrick in NEW YORK Rangers zone.
6:52 of 1st period - Icing by Nolan Patrick.
6:53 of 1st period - Nolan Patrick wins face-off versus Frederick Gaudreau in NEW YORK Rangers zone.
7:16 of 1st period - Icing by Torey Krug.
7:17 of 1st period - Frederick Gaudreau wins face-off versus Nolan Patrick in NEW YORK Rangers zone.
7:47 of 1st period - Icing by Travis Konecny.
7:48 of 1st period - Frederick Gaudreau wins face-off versus Ryan Strome in NEW YORK Rangers zone.
8:03 of 1st period - Frederick Gaudreau is hit by Travis Konecny and loses puck.
8:10 of 1st period - Shot by Travis Konecny.
8:10 of 1st period - Goal by Travis Konecny - NEW YORK Rangers : 1 - WASHINGTON Capitals : 0.
8:11 of 1st period - Mikey Eyssimont wins face-off versus Kieffer Bellows in neutral zone.
8:15 of 1st period - Alex Killorn is hit by Cody Goloubef and loses puck.
8:25 of 1st period - Minor Penalty to Jon Merrill for Roughing.
8:26 of 1st period - Jared McCann wins face-off versus Ryan Strome in NEW YORK Rangers zone.
8:57 of 1st period - Shot by Nick Jensen.
8:57 of 1st period - Shot Misses the Net.
8:59 of 1st period - Shot by Nikita Kucherov.
8:59 of 1st period - Stopped by Malcolm Subban without a rebound.
9:00 of 1st period - Nolan Patrick wins face-off versus Frederick Gaudreau in NEW YORK Rangers zone.
9:08 of 1st period - Icing by Shea Theodore.
9:09 of 1st period - Nolan Patrick wins face-off versus Frederick Gaudreau in WASHINGTON Capitals zone.
9:13 of 1st period - Ryan Strome is hit by Shea Theodore and loses puck.
9:19 of 1st period - Icing by Shea Theodore.
9:20 of 1st period - Nolan Patrick wins face-off versus Brandon Hagel in WASHINGTON Capitals zone.
9:20 of 1st period - Jakob Chychrun is hit by Joel Hanley and loses puck.
10:23 of 1st period - Shot by Nikita Kucherov.
10:23 of 1st period - Shot Misses the Net.
10:37 of 1st period - Shot by Alex Killorn.
10:37 of 1st period - Stopped by Malcolm Subban without a rebound.
10:38 of 1st period - Mikey Eyssimont wins face-off versus Ty Dellandrea in NEW YORK Rangers zone.
11:17 of 1st period - Shot by Alex Killorn.
11:17 of 1st period - Shot Blocked by Jakob Chychrun.
11:43 of 1st period - Shot by Frederick Gaudreau.
11:43 of 1st period - Deflect By Jared McCann.
11:43 of 1st period - Shot Misses the Net.
11:47 of 1st period - Shot by Frederick Gaudreau.
11:47 of 1st period - Shot Misses the Net.
11:49 of 1st period - Shot by Haydn Fleury.
11:49 of 1st period - Goal by Haydn Fleury - NEW YORK Rangers : 1 - WASHINGTON Capitals : 1.
11:50 of 1st period - Aleksander Barkov wins face-off versus Taylor Hall in neutral zone.
11:53 of 1st period - Jon Merrill is hit by Aleksander Barkov and loses puck.
12:03 of 1st period - Shot by Aleksander Barkov.
12:03 of 1st period - Goal by Aleksander Barkov - NEW YORK Rangers : 1 - WASHINGTON Capitals : 2.
12:04 of 1st period - Dryden Hunt wins face-off versus Nolan Patrick in neutral zone.
12:08 of 1st period - Off-side.
12:09 of 1st period - Taylor Hall wins face-off versus Frederick Gaudreau in neutral zone.
12:32 of 1st period - Shot by Frederick Gaudreau.
12:32 of 1st period - Goal by Frederick Gaudreau - NEW YORK Rangers : 1 - WASHINGTON Capitals : 3.
12:33 of 1st period - Nolan Patrick wins face-off versus Aleksander Barkov in neutral zone.
13:39 of 1st period - Shot by Haydn Fleury.
13:39 of 1st period - Shot Misses the Net.
13:41 of 1st period - Shot by Shea Theodore.
13:41 of 1st period - Stopped by Malcolm Subban without a rebound.
13:42 of 1st period - Tyler Ennis wins face-off versus Frederick Gaudreau in NEW YORK Rangers zone.
14:11 of 1st period - Kieffer Bellows is hit by Frederick Gaudreau.
14:56 of 1st period - Minor Penalty to Travis Konecny for Tripping.
14:57 of 1st period - Nolan Patrick wins face-off versus Aleksander Barkov in NEW YORK Rangers zone.
15:55 of 1st period - Shot by Nick Jensen.
15:55 of 1st period - Stopped by Malcolm Subban with a rebound.
15:57 of 1st period - Shot by Nick Jensen.
15:57 of 1st period - Goal by Nick Jensen - NEW YORK Rangers : 1 - WASHINGTON Capitals : 4.
15:57 of 1st period - Semyon Varlamov enters game.
15:58 of 1st period - Mikey Eyssimont wins face-off versus Trevor Moore in neutral zone.
15:58 of 1st period - Mikey Eyssimont is hit by Ty Dellandrea.
16:26 of 1st period - Trevor Moore is hit by Sean Walker and loses puck.
16:33 of 1st period - Shot by Jakob Chychrun.
16:33 of 1st period - Stopped by Jordan Binnington without a rebound.
16:34 of 1st period - Tyler Ennis wins face-off versus Aleksander Barkov in WASHINGTON Capitals zone.
17:04 of 1st period - Shot by Brandon Hagel.
17:04 of 1st period - Deflect By Aleksander Barkov.
17:04 of 1st period - Stopped by Semyon Varlamov without a rebound.
17:05 of 1st period - Taylor Hall wins face-off versus Frederick Gaudreau in NEW YORK Rangers zone.
17:14 of 1st period - Icing by Frederick Gaudreau.
17:15 of 1st period - Frederick Gaudreau wins face-off versus Nolan Patrick in WASHINGTON Capitals zone.
17:46 of 1st period - Shot by Frederick Gaudreau.
17:46 of 1st period - Goal by Frederick Gaudreau - NEW YORK Rangers : 1 - WASHINGTON Capitals : 5.
17:47 of 1st period - Taylor Hall wins face-off versus Aleksander Barkov in neutral zone.
18:22 of 1st period - Shot by Nikita Kucherov.
18:22 of 1st period - Stopped by Semyon Varlamov without a rebound.
18:23 of 1st period - Jared McCann wins face-off versus Nolan Patrick in NEW YORK Rangers zone.
18:23 of 1st period - Andreas Johnsson is hit by Jakob Chychrun.
18:38 of 1st period - Shot by Logan Couture.
18:38 of 1st period - Stopped by Jordan Binnington without a rebound.
18:39 of 1st period - Dryden Hunt wins face-off versus Tyler Ennis in WASHINGTON Capitals zone.
18:39 of 1st period - Dryden Hunt is hit by Kieffer Bellows.
18:44 of 1st period - Sean Walker is hit by Jesse Puljujarvi and loses puck.
19:17 of 1st period - Shot by Tyler Ennis.
19:17 of 1st period - Shot Misses the Net.
19:19 of 1st period - Shot by Tyler Ennis.
19:19 of 1st period - Goal by Tyler Ennis - NEW YORK Rangers : 2 - WASHINGTON Capitals : 5.
19:20 of 1st period - Aleksander Barkov wins face-off versus Taylor Hall in neutral zone.
Goals for this period are 2 for NEW YORK Rangers vs 5 for WASHINGTON Capitals.
Shots for this period are 9 for NEW YORK Rangers vs 12 for WASHINGTON Capitals.

2nd period


0:01 of 2nd period - Nolan Patrick wins face-off versus Aleksander Barkov in neutral zone.
0:44 of 2nd period - Icing by Zach Hyman.
0:45 of 2nd period - Frederick Gaudreau wins face-off versus Nolan Patrick in NEW YORK Rangers zone.
0:52 of 2nd period - Shot by Jared McCann.
0:52 of 2nd period - Shot Blocked by Zach Hyman.
1:03 of 2nd period - Minor Penalty to Travis Konecny for Roughing.
1:04 of 2nd period - Nolan Patrick wins face-off versus Frederick Gaudreau in NEW YORK Rangers zone.
1:20 of 2nd period - Off-side.
1:21 of 2nd period - Aleksander Barkov wins face-off versus Nolan Patrick in neutral zone.
1:32 of 2nd period - Jakob Chychrun is hit by Jared McCann and loses puck.
2:21 of 2nd period - Shot by Denis Gurianov.
2:21 of 2nd period - Stopped by Semyon Varlamov with a rebound.
2:28 of 2nd period - Icing by Joel Hanley.
2:29 of 2nd period - Nolan Patrick wins face-off versus Brandon Hagel in WASHINGTON Capitals zone.
3:47 of 2nd period - Icing by Slater Koekkoek.
3:48 of 2nd period - Nolan Patrick wins face-off versus Mikey Eyssimont in WASHINGTON Capitals zone.
4:02 of 2nd period - Off-side.
4:03 of 2nd period - Aleksander Barkov wins face-off versus Taylor Hall in neutral zone.
4:10 of 2nd period - Off-side.
4:11 of 2nd period - Taylor Hall wins face-off versus Aleksander Barkov in neutral zone.
4:17 of 2nd period - Icing by Haydn Fleury.
4:18 of 2nd period - Brandon Hagel wins face-off versus Travis Konecny in WASHINGTON Capitals zone.
5:52 of 2nd period - Andreas Johnsson is hit by Zach Hyman and loses puck.
6:46 of 2nd period - Minor Penalty to Logan Stanley for Cross-checking.
6:47 of 2nd period - Nolan Patrick wins face-off versus Denis Gurianov in NEW YORK Rangers zone.
7:00 of 2nd period - Shot by Shea Theodore.
7:00 of 2nd period - Stopped by Semyon Varlamov without a rebound.
7:01 of 2nd period - Nolan Patrick wins face-off versus Aleksander Barkov in NEW YORK Rangers zone.
7:58 of 2nd period - Shot by Shea Theodore.
7:58 of 2nd period - Stopped by Semyon Varlamov with a rebound.
8:00 of 2nd period - Shot by Shea Theodore.
8:00 of 2nd period - Shot Misses the Net.
8:02 of 2nd period - Shot by Frederick Gaudreau.
8:02 of 2nd period - Shot Blocked by Torey Krug.
8:04 of 2nd period - Shot by Frederick Gaudreau.
8:04 of 2nd period - Stopped by Semyon Varlamov without a rebound.
8:05 of 2nd period - Aleksander Barkov wins face-off versus Travis Konecny in NEW YORK Rangers zone.
8:49 of 2nd period - Shot by Frederick Gaudreau.
8:49 of 2nd period - Stopped by Semyon Varlamov without a rebound.
8:50 of 2nd period - Tyler Ennis wins face-off versus Dryden Hunt in NEW YORK Rangers zone.
9:09 of 2nd period - Shot by Tyler Ennis.
9:09 of 2nd period - Stopped by Jordan Binnington without a rebound.
9:10 of 2nd period - Frederick Gaudreau wins face-off versus Nolan Patrick in WASHINGTON Capitals zone.
9:10 of 2nd period - Frederick Gaudreau is hit by Logan Couture.
9:21 of 2nd period - Jared McCann is hit by John Moore and loses puck.
9:43 of 2nd period - Minor Penalty to Logan Stanley for Roughing.
9:44 of 2nd period - Aleksander Barkov wins face-off versus Nolan Patrick in NEW YORK Rangers zone.
9:53 of 2nd period - Shot by Nikita Kucherov.
9:53 of 2nd period - Deflect By Jared McCann.
9:53 of 2nd period - Shot Blocked by Torey Krug.
9:55 of 2nd period - Shot by Joel Hanley.
9:55 of 2nd period - Shot Blocked by Torey Krug.
9:57 of 2nd period - Shot by Nikita Kucherov.
9:57 of 2nd period - Shot Misses the Net.
9:59 of 2nd period - Shot by Joel Hanley.
9:59 of 2nd period - Stopped by Semyon Varlamov without a rebound.
10:00 of 2nd period - Frederick Gaudreau wins face-off versus Nolan Patrick in NEW YORK Rangers zone.
10:03 of 2nd period - Shot by Frederick Gaudreau.
10:03 of 2nd period - Stopped by Semyon Varlamov without a rebound.
10:04 of 2nd period - Frederick Gaudreau wins face-off versus Nolan Patrick in NEW YORK Rangers zone.
11:21 of 2nd period - Shot by Jared McCann.
11:21 of 2nd period - Stopped by Semyon Varlamov with a rebound.
11:23 of 2nd period - Shot by Nick Jensen.
11:23 of 2nd period - Shot Misses the Net.
11:25 of 2nd period - Shot by Aleksander Barkov.
11:25 of 2nd period - Shot Blocked by Nolan Patrick.
11:27 of 2nd period - Shot by Jared McCann.
11:27 of 2nd period - Stopped by Semyon Varlamov without a rebound.
11:28 of 2nd period - Travis Konecny wins face-off versus Aleksander Barkov in NEW YORK Rangers zone.
11:37 of 2nd period - Shot by Nikita Kucherov.
11:37 of 2nd period - Stopped by Semyon Varlamov without a rebound.
11:38 of 2nd period - Nolan Patrick wins face-off versus Frederick Gaudreau in NEW YORK Rangers zone.
11:38 of 2nd period - Nolan Patrick is hit by Frederick Gaudreau.
12:21 of 2nd period - Icing by Cody Goloubef.
12:22 of 2nd period - Aleksander Barkov wins face-off versus Ty Dellandrea in NEW YORK Rangers zone.
13:19 of 2nd period - Shot by Taylor Hall.
13:19 of 2nd period - Stopped by Jordan Binnington without a rebound.
13:20 of 2nd period - Nolan Patrick wins face-off versus Mikey Eyssimont in WASHINGTON Capitals zone.
13:21 of 2nd period - Shot by Zach Hyman.
13:21 of 2nd period - Stopped by Jordan Binnington without a rebound.
13:22 of 2nd period - Nolan Patrick wins face-off versus Frederick Gaudreau in WASHINGTON Capitals zone.
13:32 of 2nd period - Logan Couture is hit by Nick Jensen and loses puck.
13:51 of 2nd period - Shot by Andreas Johnsson.
13:51 of 2nd period - Deflect By Jared McCann.
13:51 of 2nd period - Shot Misses the Net.
13:59 of 2nd period - Joel Hanley is hit by Zach Hyman and loses puck.
14:15 of 2nd period - Jared McCann is hit by Jakob Chychrun and loses puck.
14:55 of 2nd period - Nikita Kucherov is hit by Torey Krug and loses puck.
15:15 of 2nd period - Alex Killorn is hit by Jakob Chychrun and loses puck.
15:40 of 2nd period - Shot by Joel Kiviranta.
15:40 of 2nd period - Shot Misses the Net.
15:42 of 2nd period - Shot by Alex Killorn.
15:42 of 2nd period - Shot Misses the Net.
16:18 of 2nd period - Shot by Denis Gurianov.
16:18 of 2nd period - Stopped by Semyon Varlamov without a rebound.
16:19 of 2nd period - Nolan Patrick wins face-off versus Frederick Gaudreau in NEW YORK Rangers zone.
16:19 of 2nd period - Nolan Patrick is hit by Frederick Gaudreau.
17:43 of 2nd period - Shot by Aleksander Barkov.
17:43 of 2nd period - Stopped by Semyon Varlamov without a rebound.
17:44 of 2nd period - Mikey Eyssimont wins face-off versus Ty Dellandrea in NEW YORK Rangers zone.
17:46 of 2nd period - Joel Kiviranta is hit by Cody Goloubef and loses puck.
17:57 of 2nd period - Shot by Alex Killorn.
17:57 of 2nd period - Stopped by Semyon Varlamov without a rebound.
17:58 of 2nd period - Ty Dellandrea wins face-off versus Dryden Hunt in NEW YORK Rangers zone.
18:07 of 2nd period - Shea Theodore is hit by Vasili Podkolzin and loses puck.
Goals for this period are 0 for NEW YORK Rangers vs 0 for WASHINGTON Capitals.
Shots for this period are 3 for NEW YORK Rangers vs 13 for WASHINGTON Capitals.

3rd period


0:01 of 3rd period - Taylor Hall wins face-off versus Aleksander Barkov in neutral zone.
0:07 of 3rd period - Travis Konecny is hit by Haydn Fleury and loses puck.
0:20 of 3rd period - Shot by Aleksander Barkov.
0:20 of 3rd period - Stopped by Semyon Varlamov without a rebound.
0:21 of 3rd period - Frederick Gaudreau wins face-off versus Nolan Patrick in NEW YORK Rangers zone.
0:24 of 3rd period - Shot by Andreas Johnsson.
0:24 of 3rd period - Stopped by Semyon Varlamov with a rebound.
0:39 of 3rd period - Frederick Gaudreau is hit by Nolan Patrick and loses puck.
1:16 of 3rd period - Icing by Nolan Patrick.
1:17 of 3rd period - Nolan Patrick wins face-off versus Aleksander Barkov in NEW YORK Rangers zone.
1:46 of 3rd period - Shot by Taylor Hall.
1:46 of 3rd period - Shot Misses the Net.
1:52 of 3rd period - Shot by Ryan Strome.
1:52 of 3rd period - Stopped by Jordan Binnington without a rebound.
1:53 of 3rd period - Mikey Eyssimont wins face-off versus Tyler Ennis in WASHINGTON Capitals zone.
2:03 of 3rd period - John Moore is hit by Alex Killorn and loses puck.
3:09 of 3rd period - Nick Jensen is hit by Jakob Chychrun and loses puck.
3:59 of 3rd period - Shot by Nikita Kucherov.
3:59 of 3rd period - Stopped by Semyon Varlamov without a rebound.
4:00 of 3rd period - Nolan Patrick wins face-off versus Dryden Hunt in NEW YORK Rangers zone.
4:07 of 3rd period - Shot by Nolan Patrick.
4:07 of 3rd period - The goal is going for a video replay.
4:07 of 3rd period - The goal is refused.
4:08 of 3rd period - Aleksander Barkov wins face-off versus Nolan Patrick in WASHINGTON Capitals zone.
4:19 of 3rd period - Shot by Brandon Hagel.
4:19 of 3rd period - Shot Misses the Net.
5:07 of 3rd period - Minor Penalty to Haydn Fleury for Hooking.
5:08 of 3rd period - Ryan Strome wins face-off versus Frederick Gaudreau in WASHINGTON Capitals zone.
5:27 of 3rd period - Shot by Jakob Chychrun.
5:27 of 3rd period - Shot Misses the Net.
5:29 of 3rd period - Shot by Travis Konecny.
5:29 of 3rd period - Shot Misses the Net.
5:31 of 3rd period - Shot by Torey Krug.
5:31 of 3rd period - Stopped by Jordan Binnington with a rebound.
5:49 of 3rd period - Shot by Torey Krug.
5:49 of 3rd period - Shot Misses the Net.
5:51 of 3rd period - Shot by Taylor Hall.
5:51 of 3rd period - Shot Misses the Net.
5:53 of 3rd period - Shot by Ryan Strome.
5:53 of 3rd period - Stopped by Jordan Binnington without a rebound.
5:54 of 3rd period - Frederick Gaudreau wins face-off versus Nolan Patrick in WASHINGTON Capitals zone.
7:52 of 3rd period - Alex Killorn is hit by Logan Stanley.
9:02 of 3rd period - Shot by Jared McCann.
9:02 of 3rd period - Shot Blocked by Torey Krug.
9:06 of 3rd period - Shot by Jared McCann.
9:06 of 3rd period - Shot Misses the Net.
9:08 of 3rd period - Shot by Joel Hanley.
9:08 of 3rd period - Deflect By Jared McCann.
9:08 of 3rd period - Shot Misses the Net.
9:10 of 3rd period - Shot by Jared McCann.
9:10 of 3rd period - Stopped by Semyon Varlamov without a rebound.
9:11 of 3rd period - Brandon Hagel wins face-off versus Nolan Patrick in NEW YORK Rangers zone.
9:11 of 3rd period - Nikita Kucherov is hit by Cody Goloubef and loses puck.
9:18 of 3rd period - Shot by Brandon Hagel.
9:18 of 3rd period - Shot Blocked by Jon Merrill.
9:34 of 3rd period - Shot by Zach Hyman.
9:34 of 3rd period - Stopped by Jordan Binnington without a rebound.
9:35 of 3rd period - Andreas Johnsson wins face-off versus Taylor Hall in WASHINGTON Capitals zone.
11:48 of 3rd period - Shot by Alex Killorn.
11:48 of 3rd period - Shot Misses the Net.
12:18 of 3rd period - Shot by Frederick Gaudreau.
12:18 of 3rd period - Deflect By Andreas Johnsson.
12:18 of 3rd period - Stopped by Semyon Varlamov without a rebound.
12:19 of 3rd period - Dryden Hunt wins face-off versus Nolan Patrick in NEW YORK Rangers zone.
12:24 of 3rd period - Shot by Denis Gurianov.
12:24 of 3rd period - Shot Misses the Net.
12:28 of 3rd period - Shot by Givani Smith.
12:28 of 3rd period - Shot Misses the Net.
12:47 of 3rd period - Minor Penalty to Cody Goloubef for Hooking.
12:48 of 3rd period - Nolan Patrick wins face-off versus Aleksander Barkov in NEW YORK Rangers zone.
13:13 of 3rd period - Shot by Nick Jensen.
13:13 of 3rd period - Shot Misses the Net.
13:15 of 3rd period - Shot by Nikita Kucherov.
13:15 of 3rd period - Stopped by Semyon Varlamov with a rebound.
13:17 of 3rd period - Shot by Nick Jensen.
13:17 of 3rd period - Stopped by Semyon Varlamov without a rebound.
13:18 of 3rd period - Nolan Patrick wins face-off versus Frederick Gaudreau in NEW YORK Rangers zone.
13:47 of 3rd period - Shot by Frederick Gaudreau.
13:47 of 3rd period - Shot Misses the Net.
13:55 of 3rd period - Shot by Shea Theodore.
13:55 of 3rd period - Stopped by Semyon Varlamov without a rebound.
13:56 of 3rd period - Aleksander Barkov wins face-off versus Nolan Patrick in NEW YORK Rangers zone.
14:15 of 3rd period - Shot by Nikita Kucherov.
14:15 of 3rd period - Shot Misses the Net.
14:17 of 3rd period - Shot by Aleksander Barkov.
14:17 of 3rd period - Shot Blocked by Logan Stanley.
14:19 of 3rd period - Shot by Nikita Kucherov.
14:19 of 3rd period - Deflect By Jared McCann.
14:19 of 3rd period - Shot Misses the Net.
14:21 of 3rd period - Shot by Nick Jensen.
14:21 of 3rd period - Stopped by Semyon Varlamov without a rebound.
14:22 of 3rd period - Nolan Patrick wins face-off versus Frederick Gaudreau in NEW YORK Rangers zone.
14:44 of 3rd period - Shot by Denis Gurianov.
14:44 of 3rd period - Stopped by Semyon Varlamov without a rebound.
14:45 of 3rd period - Ryan Strome wins face-off versus Aleksander Barkov in NEW YORK Rangers zone.
14:45 of 3rd period - Ryan Strome is hit by Nikita Kucherov.
15:01 of 3rd period - Sean Walker is hit by Cody Goloubef and loses puck.
15:30 of 3rd period - Shot by Mikey Eyssimont.
15:30 of 3rd period - Shot Misses the Net.
16:05 of 3rd period - Icing by Slater Koekkoek.
16:06 of 3rd period - Mikey Eyssimont wins face-off versus Taylor Hall in WASHINGTON Capitals zone.
16:06 of 3rd period - Mikey Eyssimont is hit by Ryan Strome.
16:26 of 3rd period - Icing by Nikita Kucherov.
16:27 of 3rd period - Nolan Patrick wins face-off versus Aleksander Barkov in WASHINGTON Capitals zone.
16:30 of 3rd period - Shot by Nolan Patrick.
16:30 of 3rd period - Stopped by Jordan Binnington without a rebound.
16:31 of 3rd period - Aleksander Barkov wins face-off versus Nolan Patrick in WASHINGTON Capitals zone.
16:55 of 3rd period - Shot by Torey Krug.
16:55 of 3rd period - Shot Misses the Net.
17:15 of 3rd period - Brandon Hagel is hit by Zach Hyman and loses puck.
18:05 of 3rd period - Shot by Frederick Gaudreau.
18:05 of 3rd period - Shot Misses the Net.
18:07 of 3rd period - Shot by Andreas Johnsson.
18:07 of 3rd period - Stopped by Semyon Varlamov without a rebound.
18:08 of 3rd period - Dryden Hunt wins face-off versus Tyler Ennis in NEW YORK Rangers zone.
18:33 of 3rd period - Shot by Dryden Hunt.
18:33 of 3rd period - Shot Misses the Net.
18:39 of 3rd period - Shot by Dryden Hunt.
18:39 of 3rd period - Goal by Dryden Hunt - NEW YORK Rangers : 2 - WASHINGTON Capitals : 6.
18:40 of 3rd period - Aleksander Barkov wins face-off versus Ryan Strome in neutral zone.
18:46 of 3rd period - Aleksander Barkov is hit by Travis Konecny and loses puck.
19:03 of 3rd period - Shot by Nikita Kucherov.
19:03 of 3rd period - Shot Misses the Net.
19:09 of 3rd period - Shot by Travis Konecny.
19:09 of 3rd period - Shot Blocked by Haydn Fleury.
19:11 of 3rd period - Shot by Ryan Strome.
19:11 of 3rd period - Goal by Ryan Strome - NEW YORK Rangers : 3 - WASHINGTON Capitals : 6.
19:12 of 3rd period - Frederick Gaudreau wins face-off versus Nolan Patrick in neutral zone.
19:21 of 3rd period - Shot by Frederick Gaudreau.
19:21 of 3rd period - Stopped by Semyon Varlamov without a rebound.
19:22 of 3rd period - Mikey Eyssimont wins face-off versus Tyler Ennis in NEW YORK Rangers zone.
19:23 of 3rd period - Shot by Joel Hanley.
19:23 of 3rd period - Shot Misses the Net.
19:51 of 3rd period - Shot by Jakob Chychrun.
19:51 of 3rd period - Stopped by Jordan Binnington without a rebound.
19:52 of 3rd period - Taylor Hall wins face-off versus Aleksander Barkov in WASHINGTON Capitals zone.
Goals for this period are 1 for NEW YORK Rangers vs 1 for WASHINGTON Capitals.
Shots for this period are 8 for NEW YORK Rangers vs 13 for WASHINGTON Capitals.